 Dungeon Crawl Stone Soup version 0.20.0 (webtiles) character file.

3 Danakh the Skirmisher (level 1, 0/18 HPs)
             Began as a Demonspawn Fighter on May 29, 2017.
             Was a Believer of Ru.
             Succumbed to an adder's poison
             ... on level 2 of the Dungeon.
             The game lasted 00:04:04 (985 turns).

Danakh the Skirmisher (Demonspawn Fighter)           Turns: 985, Time: 00:04:04

Health: 0/18       AC:  6    Str: 17    XL:     1   Next: 41%
Magic:  1/1        EV:  7    Int:  9    God:    Ru [**....]
Gold:   65         SH:  9    Dex: 12    Spells: 0/0 levels left

rFire    . . .     SeeInvis .   a - +0 war axe
rCold    . . .     Gourm    .   c - +0 shield
rNeg     . . .     Faith    .   b - +0 scale mail
rPois    .         Spirit   .   (no helmet)
rElec    .         Reflect  .   (no cloak)
rCorr    .         Harm     .   (no gloves)
MR       .....                  (no boots)
Stlth    ..........             (no amulet)
Regen    0.1/turn               (no ring)
MPRegen  0.1/turn               (no ring)

@: lethally poisoned (0 -> -8)
A: demonic guardian 2, inexperienced 1
a: Renounce Religion


You were on level 2 of the Dungeon.
You worshipped Ru.
Ru was pleased with you.
You were not hungry.

You visited 1 branch of the dungeon, and saw 2 of its levels.

You collected 65 gold pieces.

Inventory:

Hand Weapons
 a - a +0 war axe (weapon)
Armour
 b - a +0 scale mail (worn)
 c - a +0 shield (worn)
Scrolls
 e - 2 scrolls of amnesia {unknown}
 i - a scroll of identify {unknown}
Potions
 d - a potion of might
 j - 2 potions of curing {unknown}
Comestibles
 f - a bread ration
 h - a royal jelly


   Skills:
 + Level 3.6 Fighting
 * Level 2.1 Axes
 + Level 3.0 Armour
 + Level 3.1 Shields


You couldn't memorise any spells.
You didn't know any spells.

Dungeon Overview and Level Annotations

Branches:
Dungeon (2/15)

Altars:
Ru


Innate Abilities, Weirdness & Mutations

A demonic guardian rushes to your aid.
You are somewhat inexperienced. (-2 XL)


Message History

Okay, then.
You feel sick.
You feel sick.
You feel sick.
The adder is stunned by your will and fails to attack.
You feel sick. The adder bites you.
* * * LOW HITPOINT WARNING * * *
You focus your will and blind the adder in retribution!
* * * LOW HITPOINT WARNING * * *
You feel sick.
Unknown command.
You miss the adder.
The adder is no longer blind.
The adder bites you but does no damage. x2
You hit the adder.
The adder is moderately wounded.
* * * LOW HITPOINT WARNING * * *
You feel sick.
The adder bites you but does no damage. x2
You barely miss the adder.
The adder is moderately wounded.
You die...

####....####.###..8..
+....................
###......###.###.#...
#......# #.# #.>...
#..###.# #.# #####.
#..# #.# #.#######.
#..###.# #.........
#......# #########.
##@##### #. #S# #.
#.# #####. #.# #.....
#.# #.###. #.#####.#
#.# #. #.......#
#.###. #########
#..... ######


You could see an adder.

Vanquished Creatures
  An adder (D:2)
  An ooze (D:1)
  A dart slug (D:1)
  A leopard gecko (D:2)
  2 giant cockroaches (D:1)
  7 goblins
  3 hobgoblins (D:1)
  5 bats
  2 frilled lizards (D:2)
  3 kobolds
  5 rats
31 creatures vanquished.

Notes
Turn   | Place    | Note
-------+----------+-------------------------------------------
     0 | D:1      | Danakh the Demonspawn Fighter began the quest for the Orb.
     0 | D:1      | Reached XP level 1. HP: 18/18 MP: 1/1
   173 | D:1      | Gained mutation: A weak demonic guardian rushes to your aid. [demonic ancestry]
   173 | D:1      | Reached XP level 2. HP: 23/24 MP: 2/2
   617 | D:2      | Gained mutation: A demonic guardian rushes to your aid. [demonic ancestry]
   617 | D:2      | Reached XP level 3. HP: 29/29 MP: 3/3
   904 | D:2      | Found a faded altar of an unknown god.
   911 | D:2      | Became a worshipper of Ru the Awakened
   926 | D:2      | Gained mutation: You are somewhat inexperienced. (-2 XL) [Ru sacrifice]
   926 | D:2      | Reached XP level 2. HP: 24/24 MP: 2/2
   926 | D:2      | Reached XP level 1. HP: 18/18 MP: 1/1
   926 | D:2      | Reached * piety under Ru
   926 | D:2      | Reached ** piety under Ru
   985 | D:2      | Succumbed to an adder's poison

Skill      XL: |  1  2 |
---------------+-------+-----
Armour         | 3 |  3.0
Shields        | 3 |  3.1
Axes           | 2 |  2.1
Fighting       | |  3.6

Action                   || total
-------------------------++-------
Melee: War axe           ||    91
Invok: Sacrifice Experie ||     1
Armor: Scale mail        ||    46
Dodge: Dodged            ||    28
Block: Shield            ||    40
